 Dungeon Crawl Stone Soup version 0.30-a0-845-g7c6808c8ce (webtiles) character file.

Game seed: 11464111860598267033

159 bande the Covered (level 5, -1/33 HPs)
             Began as a Gargoyle Fighter on Mar 2, 2023.
             Slain by a gnoll bouda
             ... wielding a +0 club
              (10 damage)
             ... on level 3 of the Dungeon.
             The game lasted 00:03:34 (2201 turns).

bande the Covered (Gargoyle Fighter)                Turns: 2201, Time: 00:03:35

Health: -1/33      AC: 18    Str: 19    XL:     5   Next: 40%
Magic:  5/5        EV:  5    Int:  9    God:
Gold:   110        SH:  4    Dex: 11    Spells: 4/4 levels left

rFire   . . .      SeeInvis .    a - +0 war axe
rCold   . . .      Faith    .    c - +0 buckler
rNeg    + . .      Spirit   .    j - +0 plate armour
rPois   ∞          Reflect  .    (no helmet)
rElec   +          Rampage  .    p - +0 cloak
rCorr   .                        b - +0 pair of gloves
Will    .....                    (no boots) Stlth
                                 (no amulet)
HPRegen 0.25/turn                (no ring)
MPRegen 0.09/turn                (no ring)

@: weakened
A: sickness immunity, AC +4, negative energy resistance 1, electricity
resistance, torment resistance 1, petrification resistance
a: no special abilities


You were on level 3 of the Dungeon.
You visited 1 branch of the dungeon, and saw 4 of its levels.

You collected 110 gold pieces.

Inventory:

Hand Weapons
 a - a +0 war axe (weapon)
 i - a +0 war axe
Armour
 b - a +0 pair of gloves (worn)
 c - a +0 buckler (worn)
 j - a +0 plate armour (worn)
 p - a +0 cloak (worn)
Jewellery
 k - a ring of positive energy
 m - an amulet of magic regeneration
Scrolls
 e - 2 scrolls of poison
 h - 3 scrolls of identify
 l - 2 scrolls of teleportation
Potions
 d - a potion of might
 f - 3 potions of haste
 g - 4 potions of invisibility
 n - a potion of curing
 o - a potion of brilliance {unknown}
 q - a potion of attraction {unknown}
 r - a potion of heal wounds {unknown}


   Skills:
 + Level 4.0 Fighting
 + Level 3.5 Axes
 + Level 4.3 Armour
 + Level 3.8 Shields


You had 4 spell levels left.
You didn't know any spells.
Your spell library was empty.

Dungeon Overview and Level Annotations

Branches:
Dungeon (4/15)
 Temple: D:4-7

Altars:


Innate Abilities, Weirdness & Mutations

You are immune to sickness and miasma.
Your stone body is resilient. (AC +4)
You are immune to poison.
You resist negative energy. (rN+)
You are resistant to electric shocks. (rElec)
You are resistant to unholy torment.
You are immune to petrification.


Message History

There is a stone staircase leading down here.
You hit the gnoll.
The gnoll is heavily wounded.
You hit the gnoll bouda.
The gnoll bouda calls upon its god to heal the gnoll.
The gnoll's wounds heal themselves!
The gnoll hits you but does no damage.
The gnoll bouda hits you but does no damage.
You hit the gnoll.
The gnoll is moderately wounded.
You hit the gnoll bouda. The gnoll hits you but does no damage.
The gnoll bouda hits you but does no damage.
You block the gnoll's attack.
You hit the gnoll.
The gnoll is severely wounded.
You barely miss the gnoll bouda.
The gnoll bouda calls upon its god to heal the gnoll.
The gnoll is healed somewhat.
You block the gnoll's attack.
You slash the gnoll!
You kill the gnoll!
You barely miss the gnoll bouda. The gnoll bouda barely misses you.
The gnoll bouda gazes fiercely through you!
You feel your attacks grow feeble.
The gnoll bouda hits you with a +0 club.
* * * LOW HITPOINT WARNING * * *
The gnoll bouda hits you with a +0 club.
* * * LOW HITPOINT WARNING * * *
Things that are here:
a +0 flail; a gnoll corpse You barely miss the gnoll bouda.
The gnoll bouda is moderately wounded.
The gnoll bouda gazes fiercely through you!
You feel as though you will be weak longer.
The gnoll bouda hits you but does no damage.
You barely miss the gnoll bouda.
The gnoll bouda is moderately wounded.
You block the gnoll bouda's attack. The gnoll bouda barely misses you.
You barely miss the gnoll bouda.
The gnoll bouda is moderately wounded.
The gnoll bouda hits you with a +0 club!
You die...

#.....####.##......
#.....#............
#..................
#...............(..
#.....#.......#####
#............##
#.....#..##..##
#.g...#...##..#
#>@.....#.##..###
###.##.##.###...###
###....##...#.#....
#....######.#......
##.#.#######..([....
##..#.#............##
#.......####.###...#
#####.####...# #...#
#.# ##.### #####


You could see a gnoll bouda.

Vanquished Creatures
  A hound (D:4)
  An orc wizard (D:3)
  A gnoll (D:3)
  3 adders (D:2)
  A worm (D:3)
  2 dart slugs (D:1)
  3 orcs (D:3)
  3 bats
  2 endoplasms (D:1)
  2 giant cockroaches
  6 goblins
  9 hobgoblins
  8 kobolds
  5 quokkas
  5 ball pythons
  3 frilled lizards
  4 rats
59 creatures vanquished.

Notes
Turn   | Place    | Note
-------+----------+-------------------------------------------
     0 | D:1      | bande the Gargoyle Fighter began the quest for the Orb.
     0 | D:1      | Reached XP level 1. HP: 14/14 MP: 1/1
   131 | D:1      | Reached XP level 2. HP: 19/19 MP: 2/2
   982 | D:2      | Found a faded altar of an unknown god.
   984 | D:2      | Reached XP level 3. HP: 23/23 MP: 3/3
  1362 | D:2      | Reached XP level 4. HP: 29/29 MP: 4/4
  2041 | D:3      | Reached XP level 5. HP: 30/33 MP: 5/5
  2201 | D:3      | Slain by a gnoll bouda

Illustrated notes

Levels and vault maps discovered:
D:1:      mrwooster_arrival_statue_2, layout_loops_ring, serial_rivers,
          chequers_serial_rivers_micro_c, chequers_serial_rivers_room_b,
          chequers_serial_rivers_room_b, chequers_serial_rivers_micro_b,
          chequers_serial_rivers_micro_d
D:2:      layout_loops_ring, hellmonk_ecumenical_altar_arch_garden
D:3:      layout_rooms
D:4:      layout_loops_ring, nicolae_ashenzari_panopticon,
          nzn_wu_jian_contemplation, serial_shops, shop_statue, uniq_menkaure,
          uniq_natasha, uniq_edmund

Skill      XL: |  1  2  3  4  5 |
---------------+----------------+-----
Axes           | 2 3 |  3.5
Armour         | 4 |  4.3
Fighting       | 4 |  4.0
Shields        | |  3.8

Action                     |  1- 3 |  4- 6 || total
---------------------------+-------+-------++-------
  Melee: War axe           |    80 |    79 ||   159
    Use: Scroll            |     6 |     2 ||     8
 Armour: Scale mail        |    11 |       ||    11
         Plate armour      |    53 |   107 ||   160
  Dodge: Dodged            |    25 |    26 ||    51
  Block: Buckler           |    22 |    19 ||    41

Table legend: (Time is in decaauts)
 A = Elapsed time spent in this place.
 B = Non-inter-level travel time spent in this place.
 C = Inter-level travel time spent in this place.
 D = Time resting spent in this place.
 E = Time spent auto-exploring this place.
 F = Levels seen in this place.
 G = Mean time per level.
                   A        B        C        D        E       F      G
               +--------+--------+--------+--------+--------+-----+--------+
         Total |   2267 |   2155 |    112 |      0 |   1655 |   4 |  566.8 |
       Dungeon |   2267 |   2155 |    112 |      0 |   1655 |   4 |  566.8 |
               +--------+--------+--------+--------+--------+-----+--------+

Top non-repeatable levels by time:
     D:1: 972 daAuts
     D:2: 746 daAuts
     D:3: 532 daAuts
     D:4: 15 daAuts
